 Dungeon Crawl Stone Soup version 0.17.0-28-g6e173f8 (webtiles) character file.

3 M4edhros the Stinger (level 1, 0/11 HPs)
             Began as an Octopode Wanderer on Nov 25, 2015.
             Slain by a kobold (2 damage)
             ... on level 1 of the Dungeon.
             The game lasted 00:00:25 (84 turns).

M4edhros the Stinger (Octopode Wanderer)              Turns: 84, Time: 00:00:25

Health: 0/11       AC:  1    Str: 10    XL:     1   Next: 50%
Magic:  3/3        EV: 11    Int: 14    God:
Gold:   10         SH:  0    Dex: 12    Spells: 0 memorised, 4 levels left

rFire  . . .     SeeInvis .     d - +0 dagger
rCold  . . .     Clarity  .     (no shield)
rNeg   . . .     SustAt   .     (helmet restricted)
rPois  .         Gourm    .     (no amulet)
rElec  .         Spirit   .     (no ring)
rCorr  .         Warding  .     (no ring)
rMut   .         Stasis   .     (no ring)
MR     .....                    (no ring)
Stlth  ++........               (no ring)
                                (no ring)
                                (no ring)
                                (no ring)

@: not resistant to hostile enchantments, unstealthy
A: almost no armour, amphibious, 8 rings, constrict 8, camouflage 1, gelatinous
body 1
a: no special abilities


You were on level 1 of the Dungeon.
You were not hungry.

You visited 1 branch of the dungeon, and saw 1 of its levels.

You collected 10 gold pieces.

Inventory:

Hand Weapons
 d - a +0 dagger (weapon)
Scrolls
 c - a scroll of teleportation
Potions
 f - a potion of agility {unknown}
Books
 a - a book of Callings

   Spells                             Type                      Level
   a - Summon Small Mammal            Summoning                    1
   b - Call Imp                       Summoning                    2
   c - Call Canine Familiar           Summoning                    3
   d - Summon Guardian Golem          Hexes/Summoning              3
   e - Summon Lightning Spire         Summoning/Air                4
   f - Summon Ice Beast               Ice/Summoning                4
 b - the Collected Works on Blistering Conjuration

   Spells                             Type                      Level
   a - Flame Tongue                   Conjuration/Fire             1
   b - Conjure Flame                  Conjuration/Fire             3
Comestibles
 e - a bread ration


   Skills:
 + Level 0.0 Stealth
   Level 1.0 Shields
 * Level 2.2 Spellcasting
   Level 1.0 Conjurations
   Level 2.0 Summonings
   Level 1.0 Translocations
   Level 2.4 Poison Magic
   Level 1.1 Evocations


You had 4 spell levels left.
You didn't know any spells.

Dungeon Overview and Level Annotations

Branches:
Dungeon (1/15)

Altars:


Innate Abilities, Weirdness & Mutations

You cannot wear most types of armour.
You are amphibious.
You can wear up to eight rings at the same time.
You can use your tentacles to constrict eight enemies at once.
Your skin changes colour to match your surroundings (Stealth).
Your rubbery body absorbs attacks (AC +1).


Message History

A kobold comes into view. It is wielding a club.
There are monsters nearby!
A kobold comes into view.
There are monsters nearby!
The kobold shouts! x2
You hit the kobold. You grab the kobold.
The kobold is severely wounded.
You constrict the kobold, but do no damage.
The kobold hits you but does no damage.
You hit the kobold.
You kill the kobold!
There are monsters nearby!
The kobold hits you with a club.
You hit the kobold but do no damage. Your grab misses the kobold.
The kobold hits you. The kobold hits you with a club.
* * * LOW HITPOINT WARNING * * *
You hit the kobold but do no damage. You grab the kobold.
You constrict the kobold. The kobold hits you.
You die...

........... ..........
........ ##### ......
#######.... #....
#....##.### ###.#.#.#
#.##.##.# # ........##
#.##.##.###
###.#.#..########.##.#....†
#......K@...(...##.##.###
........K................>
.######...##)........##..##
..........##.........(.
###....#####..####.####
....................#
.................###.#
..#####.##.#...### #.#
#.###.###..#.#.....# #.#


You could see 2 kobolds.

Vanquished Creatures
  A kobold (D:1)
  A giant newt (D:1)
  A goblin (D:1)
  A rat (D:1)
4 creatures vanquished.

Notes
Turn   | Place    | Note
--------------------------------------------------------------
     0 | D:1      | M4edhros the Octopode Wanderer began the quest for the Orb.
     0 | D:1      | M4edhros set off with: a book of Callings, the Collected Works on Blistering Conjuration, a scroll of teleportation, a +0 dagger, a bread ration
     0 | D:1      | Reached XP level 1. HP: 11/11 MP: 3/3
     0 | D:1      | Identified the Collected Works on Blistering Conjuration
    84 | D:1      | Slain by a kobold

Action                   || total
-------------------------++-------
Melee: Dagger            ||    11
 Stab: Sleeping          ||     1
